Map: Odyssey LE

Players

tSumtSum

  • Race: Zerg Zerg
  • League: Master
  • Spawn Location: 5:00

FLORENCIO - Winner!

  • Race: Protoss Protoss
  • League: Diamond
  • Spawn Location: 11:00

VOD

Have the link to the VOD?

Description

Time

  • Played on: July 21, 2017, 12:55 a.m.
  • Length: 18:31
Show
View Real Time Build Order
Export as new Build Order

tSumtSum Zerg 

Build Orders: Hatch First 

Get SALT Encoding   

  12  0:05  Drone  
  13  0:12  Overlord  
  13  0:16  Drone  
  14  0:21  Extractor  
  14  0:23  Drone  
  15  0:31  Drone  
  16  0:49  Hatchery  
  15  0:52  Drone  
  15  0:56  Drone  
  17  0:59  Drone  
  17  1:02  Extractor  
  17  1:10  Drone  
  18  1:22  Drone, Spawning Pool  
  18  1:34  Drone  
  19  1:42  Drone  
  20  2:09  Spine Crawler  
  17  2:16  Zergling x4  
  17  2:17  Zergling x2  
  11  2:38  Zergling x2  
  11  2:40  Zergling x2  
  13  2:45  Zergling x2  
  14  2:56  Metabolic Boost  
  14  3:03  Drone  
  15  3:16  Drone x2  
  17  3:23  Drone  
  17  3:25  Drone  
  19  3:31  Drone  
  20  3:38  Drone  
  20  3:41  Drone  
  22  3:43  Drone  
  23  3:53  Drone x2  
  25  3:59  Queen  
  27  4:13  Drone, Overlord  
  28  4:30  Overlord  
  28  4:33  Drone x2  
  28  4:34  Drone  
  28  4:35  Drone  
  32  4:46  Drone x2  
  34  4:55  Drone x2  
  34  4:57  Queen  
  38  5:02  Hatchery, Drone  
  38  5:04  Drone  
  39  5:09  Drone x2  
  39  5:10  Overlord  
  41  5:23  Drone  
  41  5:27  Overlord  
  43  5:28  Drone  
  43  5:36  Overlord  
  43  5:39  Spore Crawler, Queen  
  43  5:41  Extractor  
  43  5:42  Drone  
  44  5:44  Overlord  
  44  5:46  Drone x4  
  48  5:56  Drone  
  49  5:58  Drone  
  50  6:10  Drone x2  
  52  6:14  Evolution Chamber  
  52  6:15  Roach Warren, Extractor  
  49  6:20  Lair, Drone x2  
  49  6:21  Drone x2, Extractor  
  49  6:22  Drone  
  49  6:23  Drone x3  
  56  6:25  Queen  
  56  6:27  Drone  
  59  6:39  Drone x2  
  61  6:40  Drone  
  61  6:46  Drone x4  
  65  6:52  Zerg Missile Weapons Level 1  
  65  7:00  Drone  
  66  7:06  Overlord  
  66  7:11  Extractor  
  66  7:13  Overlord x2  
  65  7:19  Overlord  
  65  7:20  Queen  
  65  7:21  Hatchery  
  65  7:22  Hydralisk Den  
  65  7:23  Queen  
  65  7:26  Extractor  
  65  7:27  Drone x2  
  65  7:28  Drone x6  
  65  7:29  Overlord x2  
  74  7:31  Overlord  
  74  7:33  Drone  
  74  7:34  Drone  
  76  7:39  Spore Crawler  
  75  7:55  Muscular Augments, Hydralisk x4  
  75  7:56  Hydralisk x3  
  88  8:04  Hydralisk x3, Overlord  
  88  8:05  Hydralisk  
  96  8:14  Hydralisk  
  96  8:15  Hydralisk  
  96  8:17  Hydralisk  
  102  8:26  Hydralisk x2  
  106  8:33  Extractor  
  106  8:34  Spore Crawler  
  104  8:39  Hydralisk x2  
  104  8:40  Hydralisk x2  
  112  8:47  Hydralisk  
  112  8:48  Hydralisk  
  96  8:57  Drone  
  96  8:59  Drone x4  
  96  9:00  Drone  
  102  9:04  Spore Crawler  
  102  9:06  Spore Crawler  
  102  9:07  Drone  
  102  9:08  Drone x9  
  110  9:12  Zerg Missile Weapons Level 2  
  110  9:18  Hatchery  
  110  9:20  Hydralisk x5  
  119  9:33  Hydralisk x4  
  119  9:37  Drone  
  128  9:41  Drone x2  
  128  9:42  Drone  
  128  9:45  Overlord  
  131  9:52  Hydralisk x2  
  131  9:53  Infestation Pit  
  131  9:58  Overlord  
  131  9:59  Overlord x2  
  134  10:01  Overlord x3  
  113  10:16  Hydralisk x4  
  113  10:20  Hydralisk x3  
  113  10:21  Hydralisk x3  
  132  10:34  Hydralisk x4  
  132  10:35  Hydralisk  
  142  10:41  Drone  
  141  10:46  Zergling x2  
  141  10:47  Hydralisk x4  
  147  10:58  Extractor x2  
  147  11:01  Hydralisk x5  
  135  11:09  Queen x2  
  135  11:17  Spore Crawler  
  124  11:18  Spore Crawler  
  124  11:20  Spore Crawler  
  124  11:21  Hydralisk x2  
  124  11:22  Hydralisk x2  
  130  11:31  Hydralisk x3  
  135  11:34  Drone x5  
  138  11:47  Overseer  
  138  11:49  Hydralisk x3  
  144  12:00  Spore Crawler  
  141  12:01  Spore Crawler  
  141  12:03  Spore Crawler  
  135  12:16  Hydralisk, Spore Crawler x2  
  127  12:23  Hydralisk  
  129  12:37  Hydralisk x2  
  133  12:45  Drone x2  
  133  12:51  Hydralisk  
  137  13:00  Hydralisk  
  137  13:01  Hydralisk  
  141  13:08  Hydralisk  
  143  13:14  Zerg Ground Armor Level 1  
  143  13:20  Drone x2  
  101  13:36  Hydralisk  
  101  13:37  Hydralisk  
  65  13:45  Hydralisk  
  59  13:51  Hydralisk  
  61  14:01  Drone x7  
  68  14:20  Hatchery  
  53  14:41  Hydralisk x3  
  53  14:42  Hydralisk  
  61  14:49  Hydralisk  
  63  14:56  Hydralisk  
  65  15:05  Hydralisk  
  65  15:06  Hydralisk  
  68  15:12  Hydralisk x3  
  74  15:15  Hydralisk  
  76  15:24  Infestor  
  78  15:46  Infestor  
  78  15:49  Infestor x2  
  84  15:56  Zergling x4  
  86  16:06  Hatchery  
  85  16:28  Pathogen Glands  
  82  16:48  Spore Crawler  
  77  16:55  Hatchery, Infestor x2  
  80  17:06  Spore Crawler  
  79  17:11  Hydralisk x3  
Show
View Real Time Build Order
Export as new Build Order

FLORENCIO Protoss - Winner!

Build Orders: Cannon Rush 

Get SALT Encoding   

  12  0:02  Probe (Chrono Boost)  
  13  0:12  Probe (Chrono Boost)  
  14  0:21  Pylon  
  14  0:23  Probe (Chrono Boost)  
  15  0:39  Probe (Chrono Boost)  
  15  0:40  Forge  
  16  0:50  Probe (Chrono Boost)  
  17  1:00  Probe (Chrono Boost)  
  19  1:11  Probe (Chrono Boost)  
  19  1:17  Gateway  
  19  1:21  Photon Cannon  
  19  1:22  Probe (Chrono Boost)  
  19  1:23  Pylon  
  20  1:42  Photon Cannon x2  
  20  1:46  Photon Cannon  
  20  1:54  Photon Cannon  
  20  2:01  Pylon  
  20  2:14  Photon Cannon  
  20  2:22  Pylon  
  20  2:29  Photon Cannon  
  20  2:45  Probe (Chrono Boost)  
  21  2:55  Probe (Chrono Boost)  
  21  2:57  Photon Cannon  
  22  3:00  Pylon  
  22  3:07  Assimilator  
  22  3:14  Assimilator  
  22  3:18  Assimilator  
  22  3:20  Pylon  
  22  3:31  Probe (Chrono Boost)  
  23  3:42  Photon Cannon, Probe (Chrono Boost)  
  24  3:54  Probe (Chrono Boost)  
  25  3:59  Nexus  
  25  4:05  Nexus, Probe (Chrono Boost)  
  26  4:15  Probe (Chrono Boost)  
  27  4:17  Cybernetics Core  
  27  4:25  Pylon  
  27  4:26  Probe (Chrono Boost)  
  28  4:36  Probe (Chrono Boost)  
  29  4:47  Probe (Chrono Boost)  
  30  4:56  Photon Cannon  
  30  4:57  Probe (Chrono Boost)  
  30  4:59  Stalker  
  33  5:00  Warp Gate  
  33  5:14  Pylon  
  33  5:16  Mothership Core (Chrono Boost)  
  36  5:21  Probe (Chrono Boost)  
  36  5:30  Probe (Chrono Boost)  
  36  5:32  Probe (Chrono Boost)  
  38  5:41  Assimilator, Probe (Chrono Boost)  
  38  5:42  Probe (Chrono Boost)  
  40  5:43  Assimilator  
  40  5:50  Assimilator  
  40  5:51  Probe (Chrono Boost)  
  40  5:53  Assimilator  
  41  6:02  Probe (Chrono Boost)  
  42  6:05  Stargate  
  42  6:08  Stargate  
  42  6:10  Stargate  
  42  6:13  Probe (Chrono Boost)  
  42  6:14  Stargate  
  43  6:22  Probe (Chrono Boost)  
  43  6:23  Probe (Chrono Boost)  
  45  6:26  Probe (Chrono Boost)  
  47  6:33  Probe (Chrono Boost)  
  47  6:34  Probe (Chrono Boost)  
  47  6:37  Probe (Chrono Boost)  
  47  6:38  Photon Cannon  
  49  6:43  Probe (Chrono Boost)  
  49  6:44  Probe (Chrono Boost)  
  51  6:48  Probe (Chrono Boost)  
  51  6:50  Photon Cannon  
  51  6:53  Oracle  
  51  6:54  Oracle, Probe (Chrono Boost)  
  56  6:55  Probe (Chrono Boost)  
  56  6:56  Oracle  
  56  6:58  Probe (Chrono Boost)  
  56  7:01  Oracle  
  64  7:04  Probe (Chrono Boost)  
  68  7:27  Photon Cannon  
  68  7:29  Pylon  
  67  7:30  Probe x2 (Chrono Boost)  
  67  7:34  Oracle x2  
  67  7:35  Oracle  
  78  7:41  Probe x2 (Chrono Boost)  
  80  7:46  Pylon  
  80  7:59  Oracle  
  80  8:03  Probe (Chrono Boost)  
  80  8:04  Probe (Chrono Boost)  
  85  8:10  Oracle x2  
  91  8:13  Probe (Chrono Boost)  
  91  8:15  Oracle, Probe (Chrono Boost)  
  91  8:17  Pylon  
  91  8:18  Pylon x2  
  96  8:35  Oracle  
  99  8:45  Oracle x2  
  90  9:03  Oracle  
  92  9:11  Oracle  
  95  9:21  Oracle  
  95  9:23  Nexus  
  98  9:25  Oracle, Pylon  
  98  9:27  Pylon  
  98  9:31  Assimilator  
  101  9:39  Oracle  
  104  9:46  Oracle  
  104  9:48  Pylon  
  104  9:49  Photon Cannon, Pylon  
  104  9:50  Photon Cannon  
  104  9:52  Photon Cannon  
  107  9:54  Photon Cannon  
  107  9:56  Photon Cannon  
  107  9:57  Oracle  
  107  9:58  Photon Cannon  
  107  10:20  Oracle x2  
  110  10:22  Oracle  
  113  10:32  Oracle  
  113  10:33  Probe (Chrono Boost)  
  117  10:43  Probe (Chrono Boost)  
  118  10:54  Probe (Chrono Boost)  
  118  10:56  Oracle x2  
  122  11:04  Probe (Chrono Boost)  
  122  11:05  Oracle  
  122  11:08  Oracle  
  129  11:15  Probe (Chrono Boost)  
  126  11:37  Oracle  
  126  11:38  Oracle  
  132  11:41  Oracle  
  112  12:28  Oracle  
  91  12:34  Pylon  
  85  12:47  Nexus  
  85  12:49  Pylon  
  85  12:51  Pylon  
  85  12:53  Pylon x2  
  85  12:54  Pylon  
  85  12:56  Pylon  
  85  12:57  Pylon  
  85  12:58  Pylon x2  
  85  13:06  Oracle x3  
  94  13:18  Oracle  
  97  13:23  Forge  
  40  13:42  Oracle  
  40  13:43  Oracle  
  46  13:53  Probe (Chrono Boost)  
  47  13:58  Assimilator, Photon Cannon  
  47  14:03  Photon Cannon, Probe (Chrono Boost)  
  47  14:05  Photon Cannon  
  47  14:06  Photon Cannon  
  48  14:12  Nexus  
  48  14:13  Pylon  
  48  14:14  Probe (Chrono Boost)  
  49  14:28  Probe (Chrono Boost)  
  50  14:39  Oracle, Probe (Chrono Boost)  
  54  14:49  Probe (Chrono Boost)  
  56  15:00  Probe (Chrono Boost)  
  56  15:09  Oracle  
  56  15:10  Probe (Chrono Boost)  
  60  15:21  Assimilator  
  60  15:25  Assimilator  
  60  15:28  Photon Cannon  
  60  15:31  Photon Cannon  
  60  15:33  Photon Cannon  
  60  15:34  Photon Cannon  
  60  15:36  Pylon  
  60  15:54  Oracle  
  60  15:56  Oracle  
  66  15:57  Probe (Chrono Boost)  
  67  16:05  Probe (Chrono Boost)  
  67  16:08  Probe (Chrono Boost)  
  69  16:16  Probe (Chrono Boost)  
  69  16:17  Oracle  
  73  16:18  Probe (Chrono Boost)  
  74  16:26  Probe (Chrono Boost)  
  74  16:29  Probe (Chrono Boost)  
  74  16:31  Oracle  
  79  16:37  Probe (Chrono Boost)  
  81  16:40  Probe (Chrono Boost)  
  81  16:47  Probe (Chrono Boost)  
  81  16:50  Probe (Chrono Boost)  
  80  16:58  Probe (Chrono Boost)  
  81  17:03  Pylon  
  81  17:08  Probe (Chrono Boost)  
  81  17:09  Oracle x3  
  91  17:19  Probe (Chrono Boost)  
  92  17:30  Probe (Chrono Boost)  
Tags
 
Add a new tag
Caveats
  • Supply blocks, unpowered buildings, or Contaminate may cause inaccurate times.
  • Supply counts are checked every 10 seconds.